General information
- name: BNet
- type: Ladder team game (AT/RT)
- host: Battle.net
- saver: BEAR_AND
map: SilverpineForest
- players: 6
- length: 11:52
- speed: Fast
- version: 1.24 W3XP
- replay type:

» download(67 KB)
Players
team 1 (winner)
BEAR_AND (
purple | 135 APM | 1602 actions | 11:51)
1 Warden
1 Shadow Strike
» actions
| Assign group hotkey | 3 | |
| Basic commands | 4 | |
| Build / train | 20 | |
| Enter build submenu | 9 | |
| Enter hero's abilities submenu | 1 | |
| Remove unit from queue | 5 | |
| Right click | 225 | |
| Select / deselect | 652 | |
| Select group hotkey | 18 | |
| Use ability | 665 | |
1602 total
» units
» upgrades
» buildings
| Hunter's Hall | 1 | |
| Altar of Elders | 1 | |
| Moon Well | 2 | |
| Ancient Protector | 2 | |
| Tree of Ages | -1 | |
5 total
» build order
00:26 Hunter's Hall
00:42 Altar of Elders
01:10 Moon Well
02:12 Ancient Protector
02:39 Ancient Protector
09:42 Moon Well
11:28 Tree of Ages
EnjoyDaLagXD (
yellow | 72 APM | 852 actions | 11:50)
3 Archmage
2 Blizzard
1 Brilliance Aura
» actions
| Assign group hotkey | 5 | |
| Basic commands | 5 | |
| Build / train | 52 | |
| Enter build submenu | 38 | |
| Enter hero's abilities submenu | 3 | |
| Give item / drop item | 1 | |
| Right click | 481 | |
| Select / deselect | 119 | |
| Select group hotkey | 85 | |
| Use ability | 63 | |
852 total
» units
» upgrades
» buildings
| Altar of Kings | 1 | |
| Lumber Mill | 1 | |
| Farm | 7 | |
| Scout Tower | 43 | |
| Arcane Tower | 5 | |
| Guard Tower | 20 | |
| Keep | 1 | |
78 total
» build order
00:24 Altar of Kings
00:41 Lumber Mill
00:50 Farm
01:26 Farm
01:38 Scout Tower
01:43 Farm
02:16 Arcane Tower
02:17 Scout Tower
02:33 Farm
02:44 Guard Tower
02:45 Scout Tower
02:48 Scout Tower
02:49 Scout Tower
03:10 Scout Tower
03:11 Scout Tower
03:12 Scout Tower
03:13 Scout Tower
03:14 Scout Tower
03:15 Scout Tower
03:16 Scout Tower
03:17 Scout Tower
03:20 Scout Tower
03:23 Farm
03:30 Guard Tower
03:33 Scout Tower
03:34 Scout Tower
03:35 Scout Tower
03:47 Guard Tower
03:48 Guard Tower
04:08 Farm
04:09 Guard Tower
04:17 Guard Tower
04:22 Arcane Tower
04:22 Arcane Tower
04:23 Arcane Tower
04:46 Farm
04:49 Guard Tower
04:50 Guard Tower
04:50 Guard Tower
04:51 Guard Tower
05:18 Guard Tower
06:01 Guard Tower
06:21 Scout Tower
06:26 Scout Tower
06:27 Scout Tower
08:09 Scout Tower
08:10 Scout Tower
08:11 Scout Tower
08:11 Scout Tower
08:12 Scout Tower
08:13 Scout Tower
08:13 Scout Tower
08:14 Scout Tower
08:32 Guard Tower
08:44 Arcane Tower
08:55 Keep
09:53 Scout Tower
09:54 Scout Tower
09:55 Scout Tower
09:55 Scout Tower
09:56 Scout Tower
09:56 Scout Tower
10:10 Scout Tower
10:11 Scout Tower
10:12 Scout Tower
10:13 Scout Tower
10:15 Scout Tower
10:17 Scout Tower
10:17 Scout Tower
10:19 Scout Tower
10:44 Guard Tower
11:09 Guard Tower
11:12 Guard Tower
11:15 Guard Tower
11:24 Guard Tower
» items
| Staff of Teleportation | 1 | |
| Boots of Speed | 1 | |
2 total
iggy_the_fisk (
teal | 93 APM | 1096 actions | 11:50)
2 Archmage
1 Blizzard
1 Brilliance Aura
1 Mountain King
1 Storm Bolt
» actions
| Assign group hotkey | 173 | |
| Basic commands | 3 | |
| Build / train | 72 | |
| Enter build submenu | 26 | |
| Enter hero's abilities submenu | 3 | |
| Remove unit from queue | 2 | |
| Right click | 532 | |
| Select / deselect | 166 | |
| Select group hotkey | 64 | |
| Use ability | 55 | |
1096 total
» units
» upgrades
| Masonry | 2 | |
| Lumber Harvesting | 1 | |
3 total
» buildings
| Altar of Kings | 1 | |
| Farm | 3 | |
| Lumber Mill | 1 | |
| Scout Tower | 23 | |
| Arcane Tower | 2 | |
| Guard Tower | 24 | |
| Arcane Vault | 1 | |
| Keep | 1 | |
| Town Hall | 1 | |
| Castle | 4 | |
61 total
» build order
00:09 Altar of Kings
00:23 Farm
01:00 Farm
01:20 Lumber Mill
01:34 Scout Tower
02:01 Scout Tower
02:14 Arcane Tower
02:19 Scout Tower
02:35 Guard Tower
02:38 Scout Tower
02:50 Guard Tower
02:56 Scout Tower
03:10 Guard Tower
03:12 Scout Tower
03:33 Guard Tower
03:35 Scout Tower
03:40 Farm
03:48 Guard Tower
04:01 Scout Tower
04:14 Arcane Vault
04:17 Keep
04:22 Guard Tower
04:22 Guard Tower
04:31 Guard Tower
04:33 Scout Tower
05:21 Guard Tower
05:21 Guard Tower
05:33 Scout Tower
05:34 Scout Tower
05:37 Scout Tower
05:40 Scout Tower
05:50 Town Hall
07:40 Guard Tower
07:42 Scout Tower
07:44 Scout Tower
07:45 Scout Tower
07:46 Scout Tower
07:46 Scout Tower
07:47 Scout Tower
07:50 Scout Tower
08:45 Guard Tower
08:45 Guard Tower
09:35 Arcane Tower
09:36 Guard Tower
09:37 Guard Tower
09:55 Castle
09:55 Castle
09:55 Castle
09:55 Castle
10:01 Guard Tower
10:03 Scout Tower
10:08 Scout Tower
11:35 Guard Tower
11:35 Guard Tower
11:42 Scout Tower
» items
| Scroll of Regeneration | 2 | |
| Lesser Clarity Potion | 1 | |
| Boots of Speed | 1 | |
| Staff of Teleportation | 1 | |
5 total
team 2 (loser)
HBW-StonerCraft (
orange | 35 APM | 418 actions | 11:49)
3 Priestess of the Moon
1 Searing Arrows
2 Trueshot Aura
1 Death Knight
1 Death Coil
» actions
| Basic commands | 19 | |
| Build / train | 51 | |
| Enter build submenu | 24 | |
| Enter hero's abilities submenu | 4 | |
| Right click | 117 | |
| Select / deselect | 177 | |
| Use ability | 26 | |
418 total
» units
| Wisp | 8 | |
| Acolyte | 2 | |
| Ghoul | 1 | |
| Huntress | 7 | |
| Crypt Fiend | 15 | |
| Glaive Thrower | 5 | |
38 total
» upgrades
| Moon Armor | 1 | |
| Creature Carapace | 1 | |
2 total
» buildings
| Altar of Elders | 1 | |
| Moon Well | 4 | |
| Crypt | 1 | |
| Ziggurat | 5 | |
| Graveyard | 1 | |
| Altar of Darkness | 1 | |
| Hunter's Hall | 1 | |
| Ancient of War | 2 | |
| Tomb of Relics | 1 | |
| Tree of Ages | 1 | |
| Halls of the Dead | 1 | |
| Nerubian Tower | 1 | |
| Black Citadel | 1 | |
21 total
» build order
00:09 Altar of Elders
00:12 Moon Well
00:21 Crypt
00:24 Ziggurat
00:52 Graveyard
01:10 Altar of Darkness
01:28 Hunter's Hall
01:51 Ancient of War
02:00 Moon Well
02:09 Ziggurat
02:15 Tomb of Relics
02:26 Ancient of War
02:32 Moon Well
03:17 Ziggurat
04:40 Ziggurat
08:44 Tree of Ages
08:50 Halls of the Dead
09:15 Nerubian Tower
09:17 Ziggurat
09:48 Moon Well
11:19 Black Citadel
» items
KoG (
pink | 0 APM | 0 actions | 11:52)
OrCcHiLd (
blue | 54 APM | 607 actions | 11:19)
2 Mountain King
1 Storm Bolt
1 Thunder Clap
» actions
| Assign group hotkey | 6 | |
| Basic commands | 77 | |
| Build / train | 44 | |
| Enter build submenu | 17 | |
| Enter hero's abilities submenu | 3 | |
| Right click | 182 | |
| Select / deselect | 118 | |
| Select group hotkey | 139 | |
| Use ability | 21 | |
607 total
» units
| Peasant | 10 | |
| Ghoul | 2 | |
| Footman | 11 | |
| Crypt Fiend | 6 | |
| Knight | 3 | |
| Siege Engine | 3 | |
35 total
» upgrades
» buildings
| Farm | 7 | |
| Altar of Kings | 1 | |
| Barracks | 1 | |
| Scout Tower | 2 | |
| Lumber Mill | 1 | |
| Guard Tower | 1 | |
| Arcane Vault | 1 | |
| Keep | 1 | |
| Blacksmith | 1 | |
| Castle | 2 | |
| Workshop | 2 | |
20 total
» build order
00:21 Farm
00:36 Altar of Kings
00:52 Barracks
00:56 Farm
01:27 Scout Tower
01:31 Lumber Mill
01:56 Farm
02:50 Guard Tower
02:55 Arcane Vault
03:41 Keep
04:24 Farm
04:26 Scout Tower
04:56 Blacksmith
06:03 Castle
06:03 Castle
07:18 Workshop
07:19 Workshop
09:13 Farm
09:15 Farm
09:25 Farm
Chat log
(00:09 / All) EnjoyDaLagXD: SHIT my partner afk
(00:13 / All) EnjoyDaLagXD: gay Elf
(01:59 / All) BEAR_AND: GL howdy friends
(06:31 / All) HBW-StonerCraft: fucking hackers lag
(06:35 / All) EnjoyDaLagXD: ?
(06:41 / All) iggy_the_fisk: enjoy da lag xd..
(08:21 / All) BEAR_AND: sorry
(08:22 / All) BEAR_AND: not a hack at all even
(08:26 / All) EnjoyDaLagXD: IS MY ISP
(08:28 / All) EnjoyDaLagXD: IT SUCKS
(08:29 / All) EnjoyDaLagXD: SORY
(08:31 / All) iggy_the_fisk: isory
(09:24 / All) HBW-StonerCraft: lol fags
(09:27 / All) EnjoyDaLagXD: ?
(09:28 / All) BEAR_AND: hge
(09:33 / All) BEAR_AND: ))
(09:34 / All) EnjoyDaLagXD: i lagging
(09:35 / All) EnjoyDaLagXD: sorrey
(09:49 / All) iggy_the_fisk: fix lag?
(11:19 / All) iggy_the_fisk: good game
(11:29 / All) HBW-StonerCraft: yeah
(11:38 / All) iggy_the_fisk: no pp
(11:39 / All) iggy_the_fisk: goo damge
(11:45 / All) iggy_the_fisk: what's this noise PSCCHWWW
(11:49 / All) BEAR_AND: BYE